nht, chaotic female elven Wizard -------- |......| |....{.| |......-# ------------- |....>.|# |...........| -----.--# |...........| # -------- ##-...........| % |......| # |...%...%...| ### |.......##%### --------|---- # # #....).<| #### ### ###-------- # # ---.- # ### ### |...-##### # # # |...| --.------ ------------ ##....| |.......| |.%%...%%%%| . |...| |.....*.| |.%..%%%%%.| |...| |...<....###@@..%%%.%.%%| ----- --------- ------------ nht the Thaumaturge Experience level: 7 Strength: 10 Dexterity: 9 Constitution: 15 Intelligence: 21 Wisdom: 16 Charisma: 8 Health: 0(46) Energy: 40(107) Def: 1 Gold: 0 Moves: 2781 Dungeon seed: UNcF-PNtzkOTJP6J Game ID: nht_1464869515 Your Inventory: Armor x - an uncursed burnt +0 cloak of magic resistance (being worn) W - an uncursed +0 pair of elven boots (being worn) Rings c - an uncursed ring of polymorph control (on left hand) o - an uncursed ring of free action (on right hand) Tools e - a +0 pick-axe (weapon in hand) t - an uncursed towel Spells and supernatural/magical abilities: Name Level Category Fail Memory a - force bolt 1 attack 0% 87% h - healing 1 healing 0% 99% m - magic missile 2 attack 0% 93% n - detect monsters 1 divination 0% 96% o - cone of cold 4 attack 42% 93% O - create monster 2 clerical 23% 87% W - pray for help -- divine ? -- Your skills at the end: Miscellaneous Skills wands [Basic] Weapon Skills quarterstaff [Skilled] Spellcasting Skills attack spells [Basic] enchantment spells [Basic] Final Attributes: You were devoutly aligned. You were sleep resistant. You were magic-protected. You were telepathic. You had infravision. You were stealthy. You had polymorph control. You had free action. You were lucky. You are dead. Vanquished creatures: a large mimic 2 quivering blobs a giant spider an orc mummy a gold golem a blue jelly a water nymph 3 Uruk-hai a rock mole 6 gnome lords a kobold mummy a straw golem a paper golem a floating eye 11 dwarves 2 iguanas 9 hill orcs a rothe a centipede a dwarf zombie 2 hobbits 2 geckos 2 cave spiders a green mold a red mold 26 gnomes 3 manes a gnome zombie 11 jackals 2 foxes 2 newts a goblin 4 sewer rats 6 grid bugs a bat 4 lichens 2 kobold zombies 118 creatures vanquished. Voluntary challenges: You used a wielded weapon 162 times, starting on turn 110. You did not apply a unicorn horn. You read items or engraved 46 times, starting on turn 1238. You never genocided any monsters. You never polymorphed an object. You never changed form. You used no wishes. You never split a pudding. You wrote Elbereth's name 2 times, starting on turn 2637. You violated your moral code, losing 1 point of alignment, starting on turn 2777. You disabled loading bones files. Dungeon overview: The Dungeons of Doom: levels 1 to 8 Level 1 a fountain a long staircase Level 2 a jewelry store Level 3 a fountain stairs to The Gnomish Mines Level 4 Level 5 a general store Level 6 Level 7 <- You were here a delicatessen, a fountain stairs to Sokoban Level 8 The Gnomish Mines: levels 4 to 8 Level 4 stairs to The Dungeons of Doom Level 5 Level 6 Level 7 some shops, a temple to Anhur, a magic chest, some fountains Level 8 Sokoban: levels 5 to 6 Level 5 Level 6 a magic chest stairs to The Dungeons of Doom History has recorded: On T:1 you entered the Dungeons of Doom to retrieve the Amulet of Yendor! On T:182 you reached level 2 of The Dungeons of Doom. On T:312 you advanced to experience level 2. On T:339 you reached level 3 of The Dungeons of Doom. On T:365 you reached level 4 of The Dungeons of Doom. On T:495 you reached level 5 of The Dungeons of Doom. On T:667 you advanced to experience level 3. On T:803 you reached level 1 of The Gnomish Mines. On T:838 you advanced to experience level 4. On T:895 you advanced to experience level 5. On T:939 you reached level 2 of The Gnomish Mines. On T:988 you reached level 3 of The Gnomish Mines. On T:1053 you advanced to experience level 6. On T:1081 you reached level 4 of The Gnomish Mines. On T:1100 you reached level 5 of The Gnomish Mines. On T:1165 you opened a magic chest. On T:1191 you entered the Minetown temple On T:1572 you advanced to experience level 7. On T:2132 you reached level 6 of The Dungeons of Doom. On T:2184 you reached level 7 of The Dungeons of Doom. On T:2243 you reached level 4 of Sokoban. On T:2346 you opened a magic chest. On T:2515 you reached level 3 of Sokoban. On T:2658 you reached level 8 of The Dungeons of Doom. Score breakdown: Gold: 0 ( 0 points) Experience: 7 levels ( 600 points) Exploration: 8 levels ( 210 points) Discoveries: 47 items ( 2000 points) Variety of kills: 37 monsters ( 1850 points) Major goal: reached Minetown ( 500 points) Survival: died (score multiplied by 3) Total score: 15480 Latest messages: You put a carrot into the bag of holding. You cannot stash something you are wearing. You put a ring of levitation into the bag of holding. You put a brass ring into the bag of holding. You cannot stash something you are wearing. F - an uncursed potion of levitation. K - an uncursed worthless piece of red glass. N - a wand of probing (0:4). O - a bag of tricks named empty (0:0). Q - 2 uncursed turquoise stones. R - 3 uncursed jasper stones. S - a wand of digging (0:5). U - a wand of magic missile (0:6). W - an uncursed +0 pair of elven boots (being worn). Y - an uncursed opal. Z - an uncursed potion of object detection. The cone of cold hits Parbalingga! You feel more confident in your spell casting skills. Parbalingga zaps a wand of fire! The bolt of fire hits you! You die... Parbalingga takes all your possessions. Final status: Goodbye nht the Wizard, killed by a bolt of fire... You died in The Dungeons of Doom on dungeon level 7 with 15480 points, and 0 pieces of gold, after 2781 moves. You were level 7 with a maximum of 46 hit points when you died.